 Dungeon Crawl Stone Soup version 0.29.1-debian-1-gc3f1650bb9 (webtiles) character file.

Game seed: 10437821098030350676

7 jlumianski the Ducker (level 1, 0/16 HPs)
             Began as a Demonspawn Gladiator on Sept 12, 2022.
             Succumbed to an adder's poison
             ... on level 2 of the Dungeon.
             The game lasted 00:01:25 (307 turns).

jlumianski the Ducker (Demonspawn Gladiator)         Turns: 307, Time: 00:01:26

Health: 0/16       AC:  4    Str: 14    XL:     1   Next: 83%
Magic:  1/1        EV: 12    Int:  9    God:
Gold:   32         SH:  0    Dex: 14    Spells: 0/0 levels left

rFire   . . .      SeeInvis .   a - +0 war axe
rCold   . . .      Faith    .   (no shield)
rNeg    . . .      Spirit   .   b - +0 leather armour
rPois   .          Reflect  .   c - +0 helmet
rElec   .          Harm     .   (no cloak)
rCorr   .          Rampage  .   (no gloves)
Will    .....                   (no boots)
Stlth   +.........              (no amulet)
HPRegen 0.05/turn               (no ring)
MPRegen 0.07/turn               (no ring)

@: lethally poisoned (0 -> -2)
A: no striking features
a: no special abilities


You were on level 2 of the Dungeon.
You visited 1 branch of the dungeon, and saw 2 of its levels.

You collected 32 gold pieces.

Inventory:

Hand Weapons
 a - a +0 war axe (weapon)
Missiles
 d - 3 throwing nets (quivered)
 e - a javelin
Armour
 b - a +0 leather armour (worn)
 c - a +0 helmet (worn)
Magical Staves
 j - a staff of air
Jewellery
 l - a ring of magical power
Scrolls
 f - a scroll of amnesia {unknown}
 g - a scroll of torment {unknown}
 h - a scroll of poison {unknown}
 k - a scroll of teleportation {unknown}
 m - a scroll of identify {unknown}
 o - a scroll of butterflies {unknown}
 p - a scroll of vulnerability {unknown}
Potions
 i - a potion of brilliance {unknown}
 n - 2 potions of heal wounds {unknown}
 q - a potion of ambrosia {unknown}


   Skills:
 + Level 2.0 Fighting
 + Level 2.8 Axes
 + Level 1.8 Throwing
 + Level 3.0 Dodging


You couldn't memorise any spells.
You didn't know any spells.
Your spell library was empty.

Dungeon Overview and Level Annotations

Branches:
Dungeon (2/15)

Altars:


Message History

The ball python constricts you.
You barely miss the ball python.
The ball python bites you but does no damage.
The ball python constricts you.
The ball python bites you but does no damage.
The ball python constricts you.
You hit the ball python.
The ball python is severely wounded.
The ball python bites you but does no damage.
The ball python constricts you.
You slash the ball python!
You kill the ball python!
Your Dodging skill increases to level 3!
You see here a ball python corpse.
HP restored.
An adder comes into view.
You miss the adder. The adder misses you.
You miss the adder. The adder closely misses you. The adder barely misses you.
You barely miss the adder. The adder bites you.
The adder bites you but does no damage.
You barely miss the adder. The adder barely misses you. The adder misses you.
You hit the adder.
The adder is lightly wounded.
The adder bites you.
You closely miss the adder.
The adder is lightly wounded.
The adder bites you.
You are poisoned.
The adder poisons you! The adder bites you.
You closely miss the adder.
The adder is lightly wounded.
You feel sick. The adder barely misses you.
The adder bites you but does no damage.
You closely miss the adder.
The adder is lightly wounded.
You feel sick. The adder misses you. The adder bites you.
* * * LOW HITPOINT WARNING * * *
You hit the adder but do no damage.
The adder is lightly wounded.
You die...

##.# #.<.....#..##...........#
##.# #...###.#..##...........####
##.# #...# #..##..............#
...###...# #..##.............[#
.........###.#..##.....####.....#
.............#..##.....# #.....#
..######+#####..####+### #.....#
..# #......##..####.# #.....# ..#
#......##..@S...# #.....# #.#
#......##.#####.# #.....#
#.######.......# #.....#
#.#.....######## #.....#
..#.....# ##.#### ..#.....# #.#
## ........# #.# . .##†#####
#.#.# ###.# #########.#.#


You could see an adder.

Vanquished Creatures
  A bat (D:2)
  A goblin (D:1)
  A hobgoblin (D:1)
  2 ball pythons
  A rat (D:2)
6 creatures vanquished.

Notes
Turn   | Place    | Note
-------+----------+-------------------------------------------
     0 | D:1      | jlumianski the Demonspawn Gladiator began the quest for the
                  | Orb.
     0 | D:1      | Reached XP level 1. HP: 16/16 MP: 1/1
   278 | D:2      | Reached skill level 3 in Dodging
   307 | D:2      | Succumbed to an adder's poison

Illustrated notes

Levels and vault maps discovered:
D:1:      lightli_arrival_noodles, layout_basic, minmay_misc_feat_chi,
          amcnicky_mini_corridor_feature
D:2:      layout_basic, hellmonk_ecumenical_altar_lost_god

Skill      XL: |  1 |
---------------+----+-----
Dodging        | 3 |  3.0
Fighting       | |  2.0
Axes           | |  2.8
Throwing       | |  1.8

Action                   || total
-------------------------++-------
Melee: War axe           ||    23
Armor: Leather armour    ||    11
Dodge: Dodged            ||    12
